 Dungeon Crawl Stone Soup version 0.30.1-3-gfc49f6343a (webtiles) character file.

Game seed: 11816861811577880295

84 CaptainMV the Charlatan (level 4, -4/33 HPs)
             Began as a Demonspawn Wanderer on July 21, 2023.
             Slain by a scorpion (5 damage)
             ... on level 3 of the Dungeon.
             The game lasted 00:14:04 (950 turns).

CaptainMV the Charlatan (Demonspawn Wanderer)        Turns: 950, Time: 00:14:04

Health: -4/33      AC:  6    Str: 15    XL:     4   Next: 23%
Magic:  1/6        EV: 11    Int: 14    God:
Gold:   42         SH:  0    Dex: 11    Spells: 5/6 levels left

rFire   . . .        q - +0 mace
rCold   . . .        (no shield)
rNeg    . . .        d - +1 robe
rPois   .            (no helmet)
rElec   .            (no cloak)
rCorr   .            k - +0 pair of gloves
SInv    .            (no boots)
Will    .....        (no amulet)
Stlth   +            (no ring)
HPRegen 0.25/turn    (no ring)
MPRegen 0.10/turn

%: no passive effects
@: lethally poisoned (-4 -> -15)
A: yellow scales 1
a: no special abilities


You were on level 3 of the Dungeon.
You visited 1 branch of the dungeon, and saw 3 of its levels.

You collected 42 gold pieces.

Inventory:

Hand Weapons
 q - a +0 mace (weapon)
Missiles
 r - 3 poisoned darts (quivered)
Armour
 d - a +1 robe (worn)
 k - a +0 pair of gloves (worn)
Potions
 b - a potion of lignification
 c - 2 potions of curing
 f - a potion of heal wounds {unknown}
 l - 2 potions of magic
 m - 2 potions of brilliance
 n - 2 potions of attraction {unknown}
 o - a potion of might {unknown}
Miscellaneous
 e - a box of beasts (inert)


   Skills:
 + Level 2.2 Fighting
 + Level 1.3 Short Blades
 + Level 0.1 Maces & Flails
 + Level 1.0 Throwing
 + Level 1.0 Armour
 + Level 1.0 Dodging
 + Level 0.5 Stealth
 + Level 1.6 Spellcasting
 + Level 1.5 Ice Magic
 + Level 4.5 Evocations


You had 5 spell levels left.
You knew the following spells:

 Your Spells              Type           Power      Damage    Failure   Level
a - Freeze                Ice            20%        1d4       13%         1

Your spell library contained the following spells:

 Spells                   Type           Power      Damage    Failure   Level
 Kiss of Death            Conj/Necr      4%         2d5       24%         1
 Ozocubu's Armour         Ice            5%         N/A       36%         3
 Confusing Touch          Hex            1%         N/A       58%         3
 Dispel Undead            Necr           1%         3d6       94%         4
 Freezing Cloud           Conj/Ice/Air   1%         6-21      99%         5
 Metabolic Englaciation   Hex/Ice        1%         N/A       99%         5
 Arcjolt                  Conj/Air       0%         1d10      100%        5


Dungeon Overview and Level Annotations

Branches:
Dungeon (3/15)

Altars:

Shops:
D:2 =


Innate Abilities, Weirdness & Mutations

You are partially covered in yellow scales. (AC +2)


Message History

Casting: Freeze (safe; 13% risk of failure)
Confirm with . or Enter, or press ? or * to list all spells.
Aiming: Freeze (safe; 13% risk of failure)
Press: ? - help, Shift-Dir - straight line, f/p - scorpion
Aim: a scorpion (severely wounded)
You freeze the scorpion.
The scorpion is severely wounded.
The endoplasm quivers.
You feel very sick. The scorpion stings you.
You are more poisoned.
The scorpion poisons you!
You hit the scorpion.
The scorpion is almost dead.
You feel very sick. The goblin hits you but does no damage.
The scorpion stings you but does no damage.
The goblin hits you but does no damage.
You barely miss the scorpion.
The scorpion is almost dead.
You feel very sick.
The scorpion stings you but does no damage. x2
The goblin hits you with a +0 dagger.
You closely miss the scorpion.
The scorpion is almost dead.
You feel very sick. The scorpion closely misses you.
The goblin hits you with a +0 dagger. The scorpion closely misses you.
You completely miss the scorpion.
The scorpion is almost dead.
You feel sick. The goblin hits you with a +0 dagger.
* * * LOW HITPOINT WARNING * * *
The scorpion stings you.
* * * LOW HITPOINT WARNING * * *
You are more poisoned.
The scorpion poisons you! The goblin hits you with a +0 dagger.
* * * LOW HITPOINT WARNING * * *
The endoplasm hits you but does no damage.
The scorpion stings you.
You die...

#.## #........##
#.#. #.........#
#.#. #.........#
#.#. #.........#
#.#. #.........#
#.#.
#.........#######.##
#.Jgs.....#.....<...
#.:@......#.#####.#.
#.........#.# #.#.
#.........#.# #.#
#.........#.# #.#
#.........#.# #.#.
#..(......#.# #.##
#.........#.# #...
#########.#.# ####
#.#.#


You could see a scorpion, an endoplasm and a goblin.

Vanquished Creatures
  Jessica (D:2)
  An adder (D:2)
  A dart slug (D:2)
  5 orcs (D:3)
  4 endoplasms
  A giant cockroach (D:1)
  3 goblins
  5 hobgoblins
  A kobold (D:2)
  A quokka (D:1)
  6 ball pythons
  3 bats
  3 frilled lizards
  A rat (D:2)
36 creatures vanquished.

Vanquished Creatures (collateral kills)
  A bat (D:1)
  2 hobgoblins (D:1)
  A rat (D:1)
4 creatures vanquished.

Grand Total: 40 creatures vanquished

Notes
Turn   | Place    | Note
-------+----------+-------------------------------------------
     0 | D:1      | CaptainMV the Demonspawn Wanderer began the quest for the
                  | Orb.
     0 | D:1      | CaptainMV set off with the following items: a +0 club, a
                  | potion of lignification, a potion of curing, a +0 robe, a
                  | box of beasts; and the following spell memorised: Freeze;
                  | and the following spells available to memorise: Ozocubu's
                  | Armour.
     0 | D:1      | Reached XP level 1. HP: 16/16 MP: 2/2
    63 | D:1      | Got Ugaifeur's Compilation of Snow-white Blasts
    93 | D:1      | Gained mutation: You are partially covered in yellow
                  | scales. (AC +2) [demonic ancestry]
    93 | D:1      | Reached XP level 2. HP: 22/22 MP: 0/3
   513 | D:2      | Reached XP level 3. HP: 25/27 MP: 3/5
   554 | D:2      | Noticed Jessica
   558 | D:2      | Killed Jessica
   559 | D:2      | Reached skill level 1 in Short Blades
   629 | D:2      | Reached XP level 4. HP: 29/33 MP: 0/6
   679 | D:2      | Found Ytzam's Jewellery Shop.
   824 | D:3      | Reached skill level 1 in Dodging
   937 | D:3      | Noticed a scorpion
   950 | D:3      | HP: 1/33 [goblin/+0 dagger (2)]
   950 | D:3      | Slain by a scorpion

Illustrated notes

Levels and vault maps discovered:
D:1:      heliophobic_arrival_battle_scene, layout_basic
D:2:      layout_rooms, serial_shops, shop, uniq_jessica
D:3:      layout_basic, uniq_terence

Skill      XL: |  1  2  3  4 |
---------------+-------------+-----
Short Blades   | 1 |  1.3
Dodging        | 1 |  1.0
Fighting       | |  2.2
Maces & Flails | |  0.1
Throwing       | |  1.0
Armour         | |  1.0
Stealth        | |  0.5
Spellcasting   | |  1.6
Ice Magic      | |  1.5
Evocations     | |  4.5

Action                     |  1- 3 |  4- 6 || total
---------------------------+-------+-------++-------
  Melee: Club              |     1 |       ||     1
         Short sword       |    69 |       ||    69
         Mace              |       |    31 ||    31
         Punch             |       |     1 ||     1
   Cast: Freeze            |    32 |    16 ||    48
  Evoke: Box of beasts     |     1 |       ||     1
    Use: Scroll            |     4 |     6 ||    10
   Stab: Sleeping          |     2 |       ||     2
 Armour: Robe              |    53 |    21 ||    74
  Dodge: Dodged            |    98 |    26 ||   124
